 Dungeon Crawl Stone Soup version 0.20.1-1-g8b1a95d (webtiles) character file.

329 Gremour the Magician (level 6, -3/34 HPs)
             Began as a Deep Elf Earth Elementalist on Sept 25, 2017.
             Slain by a wight
             ... wielding a cursed +2 great sword
              (5 damage)
             ... on level 3 of the Dungeon.
             The game lasted 00:18:46 (3116 turns).

Gremour the Magician (Deep Elf Earth Elementalist)  Turns: 3116, Time: 00:18:48

Health: -3/34      AC:  3    Str:  6    XL:     6   Next: 25%
Magic:  3/15       EV: 13    Int: 21    God:
Gold:   102        SH:  0    Dex: 15    Spells: 11/15 levels left

rFire    . . .     SeeInvis .   l - +3 falchion
rCold    . . .     Gourm    .   (no shield)
rNeg     . . .     Faith    .   c - +0 robe
rPois    .         Spirit   .   i - +0 helmet
rElec    .         Reflect  .   (no cloak)
rCorr    .         Harm     .   (no gloves)
MR       .....                  (no boots)
Stlth    ++........             (no amulet)
Regen    0.2/turn               (no ring)
MPRegen  0.2/turn               (no ring)

@: drained
A: no striking features
a: no special abilities


You were on level 3 of the Dungeon.
You were not hungry.

You visited 1 branch of the dungeon, and saw 5 of its levels.

You collected 102 gold pieces.

Inventory:

Hand Weapons
 a - a +0 short sword
 l - a +3 falchion (weapon)
Missiles
 b - 23 stones (quivered)
Armour
 c - a +0 robe (worn)
 i - a +0 helmet (worn)
Scrolls
 g - 3 scrolls of identify
 j - 4 scrolls of remove curse
 k - a scroll of fog {unknown}
 n - 2 scrolls of teleportation
 q - a scroll of recharging {unknown}
 r - a scroll of magic mapping {unknown}
Potions
 m - a potion of agility
 o - a potion of might
Books
 e - a book of Geomancy

   Spells                             Type                      Level
   a - Sandblast                      Earth                        1
   b - Passwall                       Transmutation/Earth          2
   c - Stone Arrow                    Conjuration/Earth            3
   d - Petrify                        Transmutation/Earth          4
   e - Lee's Rapid Deconstruction     Earth                        5
Comestibles
 d - 2 bread rations
 f - a fruit
 h - a chunk of flesh
 p - a royal jelly


   Skills:
 * Level 1.4(0.8) Fighting
 + Level 0.4(0.0) Short Blades
 * Level 3.3(2.6) Dodging
 * Level 4.2(3.5) Stealth
 + Level 0.1(0.0) Unarmed Combat
 * Level 5.1(4.4) Spellcasting
 + Level 0.4(0.0) Conjurations
   Level 1.1(0.4) Transmutations
 + Level 5.0(4.3) Earth Magic


You had 11 spell levels left.
You knew the following spells:

 Your Spells              Type           Power        Failure   Level  Hunger
a - Sandblast             Erth           ###...       1%          1    None
s - Stone Arrow           Conj/Erth      ##....       14%         3    ##.....


Dungeon Overview and Level Annotations

Branches:
Dungeon (5/15)
 Temple: D:4-7

Altars:
Dithmenos
Elyvilon
Fedhas
Gozag
Okawaru
Zin

Annotations:
D:4 Totori's ghost, amateur MiFi


Message History

Confirm with . or Enter, or press ? or * to list all spells.
Aiming: Sandblast
Press: ? - help, Shift-Dir - straight line, f - wight, p - wight
Aim: a wight, wielding an enchanted great sword and wearing a robe (severely damaged)
The blast of sand misses the wight. x2
b - 24 stones The wight closely misses you.
You riposte.
You hit the wight.
The wight is almost destroyed.
Casting: Sandblast
Confirm with . or Enter, or press ? or * to list all spells.
Aiming: Sandblast
Press: ? - help, Shift-Dir - straight line, f/p - wight
Aim: a wight, wielding an enchanted great sword and wearing a robe (almost destroyed)
The blast of sand hits the wight.
The wight is almost destroyed.
b - 23 stones The wight hits you with an enchanted great sword!
* * * LOW HITPOINT WARNING * * *
You feel drained.
You die...

####.#.....[)..>.............
#..........#######.........##
#.##.#.###.# #.........#
#.##.#.# #.# #.........#
#.##...###.# #.###..####
#.#........# ##.###..#####
#.#.#..##..# #....)(......
#..........######............
###.#.<##...@zz...####.######
#.#..############ #.#
#.#..####...########.#
#.#....).............#
#.#.#####...########.#
#.#...# ##### #.# #.###.# #.#
#.# #(# #.# #.# #.# #.#


You could see 2 wights.

Vanquished Creatures
  3 wights (D:3)
  An orc priest (D:3)
  3 gnolls (D:2)
  6 adders
  An ooze (D:3)
  3 worms
  A dart slug (D:3)
  A leopard gecko (D:3)
  4 orcs (D:3)
  A ball python (D:2)
  7 bats
  4 giant cockroaches
  3 goblins (D:3)
  11 hobgoblins
  8 jackals
  9 kobolds
  3 frilled lizards
  4 rats
73 creatures vanquished.

Notes
Turn   | Place    | Note
-------+----------+-------------------------------------------
     0 | D:1      | Gremour the Deep Elf Earth Elementalist began the quest for the Orb.
     0 | D:1      | Reached XP level 1. HP: 10/10 MP: 6/6
   309 | D:1      | Reached XP level 2. HP: 15/15 MP: 6/8
  1237 | D:2      | Reached XP level 3. HP: 19/19 MP: 7/10
  1321 | D:2      | Learned a level 3 spell: Stone Arrow
  1463 | D:2      | Found a white marble altar of Elyvilon.
  1543 | D:2      | Found an opulent altar of Gozag.
  1600 | D:2      | Reached XP level 4. HP: 16/24 MP: 9/12
  1786 | D:2      | Found a shadowy altar of Dithmenos.
  1792 | D:2      | Found an iron altar of Okawaru.
  1798 | D:2      | Found a blossoming altar of Fedhas.
  1801 | D:2      | Found a glowing silver altar of Zin.
  1976 | D:3      | You fall through a shaft for 2 floors!
  1976 | D:5      | Entered Level 5 of the Dungeon
  2083 | D:4      | Noticed Totori's ghost (amateur MiFi)
  2215 | D:3      | Reached XP level 5. HP: 3/28 MP: 11/13
  2832 | D:3      | Reached skill level 1 in Fighting
  3032 | D:3      | Reached skill level 5 in Spellcasting
  3057 | D:3      | Reached XP level 6. HP: 20/34 MP: 7/15
  3058 | D:3      | Reached skill level 5 in Earth Magic
  3116 | D:3      | Slain by a wight

Skill      XL: |  1  2  3  4  5  6 |
---------------+-------------------+-----
Stealth        | 3 4 |  4.2
Earth Magic    | 4 5 |  5.0
Spellcasting   | 4 5 |  5.1
Dodging        | 3 |  3.3
Fighting       | 1 |  1.4
Short Blades   | |  0.4
Unarmed Combat | |  0.1
Conjurations   | |  0.4
Transmutations | |  1.1

Action                   |  1- 3 |  4- 6 || total
-------------------------+-------+-------++-------
Melee: Unarmed           |     6 |       ||     6
       Short sword       |    34 |    22 ||    56
       Falchion          |       |     1 ||     1
 Cast: Sandblast         |    31 |    46 ||    77
       Stone Arrow       |     2 |    27 ||    29
  Use: Potion            |       |     6 ||     6
       Scroll            |       |     4 ||     4
 Stab: Sleeping          |     4 |     4 ||     8
  Eat: Chunk             |     2 |     5 ||     7
       Fruit             |       |     1 ||     1
Armor: Robe              |    14 |    16 ||    30
       Skin              |       |     9 ||     9
Dodge: Dodged            |    45 |    49 ||    94
       Rpst.: Falchion   |       |     2 ||     2
